 Dungeon Crawl Stone Soup version 0.24.1-14-gf8d2b509d9 (webtiles) character file.

Game seed: 1692976476695596073, levelgen mode: deterministic

10355 nightchill the Archer (level 11, -5/97 HPs)
             Began as a Centaur Hunter on June 1, 2020.
             Was a Believer of Okawaru.
             Slain by a large slime creature (27 damage)
             ... on level 9 of the Dungeon on June 2, 2020.
             The game lasted 00:48:59 (15334 turns).

nightchill the Archer (Centaur Hunter)             Turns: 15334, Time: 00:48:59

Health: -5/97      AC: 19    Str: 20    XL:     11   Next: 35%
Magic:  13/15      EV: 11    Int: 10    God:    Okawaru [**....]
Gold:   124        SH:  0    Dex: 11    Spells: 10/10 levels left

rFire    + . .     SeeInvis .   c - +1 dagger (elec)
rCold    . . .     Gourm    .   (no shield)
rNeg     . . .     Faith    .   h - +1 ring mail "Coahudoe" {+Blink rF+ Str+3 Slay+2} (curse)
rPois    .         Spirit   .   v - +0 helmet
rElec    .         Reflect  .   R - +1 cloak
rCorr    .         Harm     .   o - +0 pair of gloves
MR       .....                  (no barding)
Stlth    ++........             (no amulet)
HPRegen  0.26/turn              k - +4 ring of protection
MPRegen  0.14/turn              (no ring)

@: heroism, very quick
A: large, hooves 3, deformed body, speed 2, tough skin 3
a: Heroism, Renounce Religion, Evoke Blink


You were on level 9 of the Dungeon.
You worshipped Okawaru.
Okawaru was pleased with you.
You were very hungry.

You visited 2 branches of the dungeon, and saw 11 of its levels.

You collected 541 gold pieces.
You spent 417 gold pieces at shops.

Inventory:

Hand Weapons
 a - a +2 short sword of venom
 b - a +2 shortbow
 c - a +1 dagger of electrocution (weapon)
 r - a +0 long sword
 s - a +0 glaive
 P - a cursed -1 rapier
Missiles
 d - 164 arrows
 j - 316 stones (quivered)
Armour
 h - the cursed +1 ring mail "Coahudoe" (worn) {+Blink rF+ Str+3 Slay+2}
   (You bought it in a shop on level 5 of the Dungeon)

   It affects your strength (+3).
   It affects your accuracy and damage with ranged weapons and melee attacks
   (+2).
   It protects you from fire.
   It lets you blink.
   It has a curse placed upon it.
 m - a +2 leather armour of poison resistance
 o - a +0 pair of gloves (worn)
 v - a +0 helmet (worn)
 R - a +1 cloak (worn)
Jewellery
 k - a +4 ring of protection (left hand)
 q - an uncursed ring of fire
 Q - an uncursed ring of ice
Wands
 E - a wand of enslavement (14)
 H - a wand of digging (6)
 M - a wand of polymorph (7)
 N - a wand of flame (12)
Scrolls
 e - 3 scrolls of enchant armour
 p - 6 scrolls of remove curse
 w - 2 scrolls of amnesia
 x - 3 scrolls of blinking
 y - a scroll of magic mapping {unknown}
 z - a scroll of enchant weapon
 C - a scroll of random uselessness {unknown}
 D - a scroll of teleportation {unknown}
 G - a scroll of noise {unknown}
 J - a scroll of immolation {unknown}
 K - a scroll of fear {unknown}
Potions
 g - a potion of invisibility
 i - a potion of mutation
 l - 2 potions of heal wounds
 t - a potion of degeneration {unknown}
 u - 2 potions of lignification
 A - a potion of might
 B - 4 potions of cancellation
 F - 3 potions of curing
 I - 2 potions of magic
 L - a potion of resistance
Comestibles
 f - 18 rations


   Skills:
 + Level 9.1(14.1) Fighting
 - Level 14.0(19.0) Bows
 + Level 8.5(13.5) Armour
 - Level 1.3(6.3) Dodging
 - Level 0.4(5.4) Stealth
 * Level 6.1 Invocations
 + Level 0.0 Evocations


You had 10 spell levels left.
You didn't know any spells.
Your spell library contained the following spells:

 Spells                   Type           Power        Failure   Level  Hunger
 Animate Skeleton         Necr           N/A          50%         1    ##.....
 Apportation              Tloc           #.....       50%         1    ##.....
 Confusing Touch          Hex            #.....       50%         1    ##.....
 Summon Small Mammal      Summ           #...         50%         1    ##.....
 Confuse                  Hex            #.......     86%         3    ####...
 Gell's Gravitas          Tloc           #.........   86%         3    ####...
 Petrify                  Tmut/Erth      #.......     99%         4    #####..
 Metabolic Englaciation   Hex/Ice        #.........   100%        5    ######.
 Yara's Violent Unravell  Hex/Tmut       #.........   100%        5    ######.


Dungeon Overview and Level Annotations

Branches:
Dungeon (10/15)            Temple (1/1) D:7            Lair (0/6) D:8
    Orc: D:9-12

Altars:
Ashenzari
Dithmenos
Hepliaklqana
Kikubaaqudgha
Okawaru
Sif Muna
Vehumet
Yredelemnul
The Shining One

Shops:
D:5 [[%[*   D:6 }   D:8 :   D:9 [**

Annotations:
D:1 exclusion: downstairs
D:7 exclusion: 2 downstairs


Innate Abilities, Weirdness & Mutations

You have hooves in place of feet.
Armour fits poorly on your strangely shaped body.
You cover ground very quickly.
You have extremely tough skin. (AC +3)


Message History

The slime creature is severely wounded.
The slime creature hits you! x2
You are too injured to fight recklessly!
You are too injured to fight recklessly!
You are too injured to fight recklessly!
There is an open door here.
You gain the combat prowess of a mighty hero.
Okawaru will no longer gift you ammunition.
The slime creature hits you!
* * * LOW HITPOINT WARNING * * *
The slime creature hits you.
* * * LOW HITPOINT WARNING * * *
You hit the slime creature. Your kick misses the slime creature.
The slime creature is heavily wounded.
Two slime creatures merge to form a large slime creature.
You hit the large slime creature.
Your kick misses the large slime creature.
The large slime creature is heavily wounded.
The large slime creature hits you!!
You die...

#### #.........# #.# ...#
#####.##### #.# ...# #.#
#.## ...# ##'## #..# ####
##...## ##.# ## ##.....##
### #.# .## ##.......##
##.###.#
..####......<..####...##.#
.....'...>.....J@......#.#
..####.........####...##.#
..# ##.......## ##.###.#
..# ##.....## ####..# #.#
##.∩.## #.## #.#### ##'##
#.# .....#
#.############.# #.##.###
#.#.........##.#
#.##.#.###.#.........##.#


You could see a large slime creature.

Vanquished Creatures
  A two-headed ogre (D:8)
  A troll (D:9)
  A hippogriff (D:7)
  Sigmund (D:2)
  5 yaks (D:9)
  Eustachio (D:3)
  4 hogs (D:8)
  A human (D:8)
  A hungry ghost (D:9)
  Menkaure (D:7)
  A water moccasin (D:7)
  3 orc warriors
  A black bear (D:6)
  2 ice beasts
  A phantom (D:6)
  2 sky beasts (D:5)
  An eye of draining (D:9)
  4 ogres
  4 centaurs
  A crocodile (D:8)
  Blork the orc (D:6)
  A big kobold (D:8)
  A gnoll sergeant (D:7)
  6 bullfrogs
  2 scorpions
  5 killer bees (D:9)
  A howler monkey (D:5)
  3 crimson imps (D:9)
  A centaur zombie (D:7)
  4 orc priests
  5 hounds
  3 jellies
  Crazy Yiuf (D:7)
  A bullfrog skeleton (D:5)
  5 orc wizards
  2 centaur skeletons
  Jessica (D:2)
  3 iguanas
  6 worker ants
  A hound zombie (D:7)
  Robin (D:2)
  6 gnolls
  7 adders
  A shadow imp (D:7)
  An ooze (D:1)
  An adder skeleton (D:9)
  5 worms
  A dart slug (D:1)
  34 orcs
  A ball python (D:6)
  12 bats
  5 giant cockroaches
  12 goblins
  7 hobgoblins
  10 jackals
  3 quokkas
  A ball python skeleton (D:4)
  7 frilled lizards
  A giant cockroach zombie (D:5)
  15 kobolds
  A leopard gecko skeleton (D:6)
  2 leopard gecko zombies (D:5)
  A quokka zombie (D:5)
  12 rats
237 creatures vanquished.

Notes
Turn   | Place    | Note
-------+----------+-------------------------------------------
     0 | D:1      | nightchill the Centaur Hunter began the quest for the Orb.
     0 | D:1      | Reached XP level 1. HP: 17/17 MP: 1/1
   313 | D:1      | Reached XP level 2. HP: 14/24 MP: 2/2
   788 | D:1      | Reached skill level 6 in Bows
   928 | D:1      | Reached XP level 3. HP: 27/30 MP: 3/3
  1365 | D:2      | Noticed Sigmund
  1609 | D:2      | Noticed Jessica
  1616 | D:2      | Killed Jessica
  1616 | D:2      | Reached XP level 4. HP: 34/37 MP: 4/4
  1743 | D:2      | Reached skill level 7 in Bows
  1890 | D:2      | Noticed Robin
  1910 | D:2      | Killed Robin
  2278 | D:2      | Killed Sigmund
  2278 | D:2      | Reached skill level 8 in Bows
  2278 | D:2      | Reached XP level 5. HP: 44/46 MP: 5/5
  2388 | D:3      | Reached XP level 6. HP: 52/52 MP: 6/6
  3029 | D:3      | Reached skill level 9 in Bows
  3515 | D:4      | Noticed Eustachio
  3672 | D:3      | Killed Eustachio
  3672 | D:3      | Reached XP level 7. HP: 47/60 MP: 7/7
  4321 | D:4      | Reached skill level 5 in Fighting
  4321 | D:4      | Reached skill level 10 in Bows
  4768 | D:5      | Entered Level 5 of the Dungeon
  5138 | D:4      | HP: 2/61 [orc priest/divine providence (13)]
  5610 | D:5      | Reached skill level 11 in Bows
  5820 | D:5      | Reached XP level 8. HP: 55/69 MP: 8/8
  5897 | D:5      | Found a shattered altar of Ashenzari.
  5897 | D:5      | Found a basalt altar of Yredelemnul.
  5898 | D:5      | Found a shadowy altar of Dithmenos.
  5926 | D:5      | Found Xyuph's Armour Emporium.
  6003 | D:5      | Found Raodghog's Food Boutique.
  6187 | D:5      | Found Herezirph's Assorted Antiques.
  6294 | D:5      | Found Xadix's Armour Shop.
  6500 | D:5      | Found Ytwuibb's Armour Shoppe.
  6945 | D:6      | Reached skill level 12 in Bows
  7278 | D:6      | Found Johey's Gadget Shoppe.
  7286 | D:6      | Noticed Blork the orc
  7293 | D:6      | Killed Blork the orc
  8048 | D:7      | Noticed a hippogriff
  8055 | D:7      | Killed a hippogriff
  8055 | D:7      | Reached skill level 13 in Bows
  8055 | D:7      | Reached XP level 9. HP: 52/79 MP: 9/9
  8173 | D:7      | Found a staircase to the Ecumenical Temple.
  8179 | Temple   | Entered the Ecumenical Temple
  8190 | Temple   | Became a worshipper of Warmaster Okawaru
  8265 | D:7      | Noticed Menkaure
  8272 | D:7      | Killed Menkaure
  8272 | D:7      | Reached skill level 1 in Invocations
  9109 | D:7      | Found a runed translucent door.
  9110 | D:7      | Noticed Crazy Yiuf
  9137 | D:7      | Killed Crazy Yiuf
  9274 | D:7      | Found a hazy altar of Hepliaklqana.
  9638 | D:7      | Reached * piety under Okawaru
 10041 | D:8      | Reached skill level 14 in Bows
 10053 | D:8      | Noticed a two-headed ogre
 10387 | D:8      | Found a staircase to the Lair.
 11395 | D:8      | Reached skill level 1 in Armour
 11846 | D:7      | Reached XP level 10. HP: 88/88 MP: 13/13
 11924 | D:8      | Found Meumiral's Book Shop.
 12397 | D:8      | Reached ** piety under Okawaru
 12943 | D:8      | Killed a two-headed ogre
 12943 | D:8      | Reached skill level 5 in Invocations
 12943 | D:8      | Reached XP level 11. HP: 95/95 MP: 14/14
 13152 | D:9      | Found Heug's General Store.
 13999 | D:9      | Found Atorhopp's Armour Shoppe.
 14024 | D:9      | Identified the +6 mace of Ydwe Rufa {drain, Dex+6}
 14068 | D:9      | Got a twisted leather armour
 14106 | D:9      | Found Wafuax's General Store.
 14549 | D:9      | Reached *** piety under Okawaru
 15116 | D:5      | Bought the cursed +1 ring mail "Coahudoe" {+Blink rF+ Str+3
                  | Slay+2} for 417 gold pieces
 15126 | D:5      | Identified the +0 leather armour of the Vestibule of Hell
                  | {rElec Int+6} (You found it on level 9 of the Dungeon)
 15293 | D:10     | Entered Level 10 of the Dungeon
 15334 | D:9      | Slain by a large slime creature

Levels and vault maps discovered:
D:1:      dpeg_arrival_more_subterranean_lakeside_camping, layout_loops_ring,
          chequers_garden, minmay_pentomino_s4
D:2:      layout_basic, uniq_jessica, uniq_robin, uniq_sigmund
D:3:      layout_basic
D:4:      layout_gridville, first_ration, chequers_serial_rivers_micro_d,
          uniq_eustachio
D:5:      layout_loops_ring, gammafunk_temple_overflow_claw, serial_shops, shop,
          shop_fountains, nicolae_shop_crystal, shop, nicolae_shop_crystal
D:6:      layout_basic, serial_shops, shop, uniq_blork_the_orc
D:7:      layout_basic, nicolae_overflow_crystal_walls,
          minmay_temple_entry_hall, uniq_menkaure, uniq_crazy_yiuf_cottage
D:8:      layout_gridville, lair_entry_dummy, serial_shops,
          nicolae_shop_crystal, grunt_livestock
D:9:      layout_loops_corners, serial_shops, shop, kennysheep_little_box,
          nicolae_shop_stone
D:10:     layout_roguey, enter_bailey_3
Temple:   hc_temple_tempest_star

Skill      XL: |  1  2  3  4  5  6  7  8  9 10 11 |
---------------+----------------------------------+-----
Bows           | 6 8 9 11 13 14 | 14.0
Fighting       | 3 4 5 7 8 9 |  9.1
Invocations    | 4 5 6 |  6.1
Armour         | 7 8 |  8.5
Dodging        | |  1.3
Stealth        | |  0.4

Action                   |  1- 3 |  4- 6 |  7- 9 | 10-12 || total
-------------------------+-------+-------+-------+-------++-------
Melee: Short sword       |   120 |   125 |   247 |    75 ||   567
       Kick              |    14 |    27 |    86 |    35 ||   162
       Long sword        |     5 |       |       |       ||     5
       Dagger            |       |       |    74 |    75 ||   149
 Fire: Shortbow          |       |    10 |   123 |   111 ||   244
Throw: Stone             |       |       |       |     2 ||     2
Invok: Heroism           |       |       |     1 |     7 ||     8
  Use: Scroll            |       |       |     8 |     5 ||    13
       Potion            |       |       |     2 |       ||     2
  Eat: Chunk             |     2 |     5 |    22 |     6 ||    35
       Ration            |       |       |       |     1 ||     1
Armor: Leather armour    |    30 |       |    18 |    51 ||    99
       Ring mail         |    41 |    63 |   117 |     1 ||   222
Dodge: Dodged            |    60 |    59 |   125 |    68 ||   312
       Rpst.: Long sword |     1 |       |       |       ||     1
